 Dungeon Crawl Stone Soup version 0.16-a0-3841-g2612308 (console) character file.

35853 MrRokkomies the Bludgeoner (level 13, -22/133 HPs)
             Began as an Ogre Warper on Jan 29, 2015.
             Was a High Priest of Dithmenos.
             Annihilated by an azure jelly (43 damage)
             ... on level 7 of the Lair of Beasts on Jan 30, 2015.
             The game lasted 01:56:54 (24511 turns).

MrRokkomies the Bludgeoner (Ogre Warper)           Turns: 24511, Time: 01:56:54

Health: -22/133    AC: 10    Str: 19    XL:     13   Next: 86%
Magic:  23/25      EV: 15    Int: 20    God:    Dithmenos [*****.]
Gold:   1555       SH:  0    Dex: 15    Spells: 6 memorised, 3 levels left

rFire  . . .     SeeInvis .     a - +2 giant spiked club (crush)
rCold  . . .     Clarity  .     N - +0 troll leather armour
rNeg   + . .     SustAb   .     (shield restricted)
rPois  +         Gourm    .     W - +2 hat
rElec  +         Spirit   .     Z - +2 cloak {rPois}
rCorr  .         Warding  +     (gloves unavailable)
rMut   .         Stasis   .     (boots unavailable)
MR     +....                    u - amulet of warding
Stlth  ++........               z - ring "Wang" {Contam +Blink rElec rPois+ Int+4 Dex+2}
                                Q - +4 ring of intelligence

@: wreathed by umbra, somewhat resistant to hostile enchantments, unstealthy
A: unfitting armour, tough skin 1
a: Shadow Step, Shadow Form, Renounce Religion, Evoke Blink


You were on level 7 of the Lair of Beasts.
You worshipped Dithmenos.
Dithmenos was extremely pleased with you.
You were hungry.

You visited 4 branches of the dungeon, and saw 22 of its levels.
You also visited: Labyrinth and Sewer.

You collected 1555 gold pieces.

Inventory:

Hand weapons
 a - a +2 giant spiked club of crushing (weapon)
 b - a +0 blowgun
Missiles
 c - 4 curare-tipped needles
 e - 5 tomahawks of dispersal
 l - 25 tomahawks (quivered)
 t - 52 poisoned needles
 B - 7 poisoned javelins
 H - 8 javelins of penetration
Armour
 x - a +1 robe of positive energy
 N - a +0 troll leather armour (worn)
 W - a +2 hat (worn)
 Z - a +2 cloak of poison resistance (worn)
Rods
 P - a +3 rod of inaccuracy (5/14)
   (You found it in a labyrinth)
 T - a +1 rod of shadows (10/10)
   (You found it in a labyrinth)
Jewellery
 o - an uncursed ring of see invisible
 u - an amulet of warding (around neck)
 z - the ring "Wang" (right hand) {Contam +Blink rElec rPois+ Int+4 Dex+2}
   (You found it on level 6 of the Dungeon)

   [ring of intelligence]

   It affects your intelligence (+4).
   It affects your dexterity (+2).
   It insulates you from electricity.
   It protects you from poison.
   It lets you blink.
   It causes magical contamination when unequipped.
 C - an uncursed ring of protection from fire
 Q - a +4 ring of intelligence (left hand)
 Y - an uncursed ring of flight
Magical devices
 y - a wand of enslavement (10)
 A - a wand of polymorph (11)
 I - a wand of digging (10)
 R - a wand of paralysis (13)
 S - a wand of disintegration (12)
 X - a wand of cold (12)
Scrolls
 d - 3 scrolls of blinking
 g - a scroll of amnesia
 h - 8 scrolls of identify
 i - 12 scrolls of remove curse
 p - 8 scrolls of teleportation
 q - 2 scrolls of magic mapping
 U - a scroll of recharging
Potions
 m - 4 potions of brilliance
 r - a potion of heal wounds
 s - 4 potions of agility
 v - 3 potions of curing
 E - a potion of magic
 K - a potion of might
 L - a potion of haste
 M - 2 potions of cancellation
Books
 V - a book of Control

   Spells                             Type                      Level
   a - Control Teleport               Charms/Translocation         4
   b - Control Undead                 Necromancy                   4
   c - Enslavement                    Hexes                        4
   d - Metabolic Englaciation         Hexes/Ice                    5
   e - Mass Confusion                 Hexes                        6
Miscellaneous
 k - an ornate deck of changes {the Potion}
 D - a box of beasts
 G - a sack of spiders
Comestibles
 f - 11 meat rations
 j - 8 beef jerkies
 n - 14 bread rations
 w - 5 slices of pizza
 F - a poisonous chunk of flesh
 J - 2 royal jellies
 O - 3 fruits


   Skills:
 - Level 10.0 Fighting
 * Level 18.3 Maces & Flails
 + Level 9.4 Throwing
 - Level 0.7 Armour
 - Level 10.0 Dodging
 - Level 2.4 Spellcasting
 - Level 3.0 Translocations
 * Level 8.3 Evocations


You had 3 spell levels left.
You knew the following spells:

 Your Spells              Type           Power        Failure   Level  Hunger
a - Apportation           Tloc           ##........   6%          1    #......
b - Blink                 Tloc           N/A          10%         2    ##.....
c - Shroud of Golubria    Chrm/Tloc      #.........   17%         2    ##.....
d - Spectral Weapon       Hex/Chrm       #.......     58%         3    ###....
e - Regeneration          Chrm/Necr      #.........   58%         3    ###....
f - Stoneskin             Trmt/Erth      #.......     28%         2    ##.....


Dungeon Overview and Level Annotations

Branches:
Dungeon (12/15)            Temple (1/1) D:7            Lair (7/8) D:8
  Swamp (0/5) Lair:5       Spider (0/5) Lair:4        Slime (0/6) Lair:7
    Orc (2/4) D:9

Altars:
Ashenzari
Cheibriados
Dithmenos
Fedhas
Gozag
Kikubaaqudgha
Makhleb
Okawaru
Qazlal
Ru
Sif Muna
Trog
Vehumet
Xom
Yredelemnul
The Shining One
Beogh
Jiyva


Innate Abilities, Weirdness & Mutations

You are too large for most types of armour.
You have tough skin (AC +1).


Message History

You hit the azure jelly.
The azure jelly is moderately wounded.
The azure jelly hits you but does no damage.
The azure jelly hits you. The azure jelly freezes you!!
The azure jelly hits you. x2
You sock the azure jelly!
The azure jelly is heavily wounded.
The azure jelly closely misses you. The azure jelly hits you!
The azure jelly freezes you!!
* * * LOW HITPOINT WARNING * * *
The azure jelly hits you.
* * * LOW HITPOINT WARNING * * *
The azure jelly hits you.
* * * LOW HITPOINT WARNING * * *
Casting: Blink
Confirm with . or Enter, or press ? or * to list all spells.
You blink.
The azure jelly hits you!
* * * LOW HITPOINT WARNING * * *
The azure jelly freezes you!!!
You die...

#### #..# ###..###
####......### ###
#..ยง#####.#.######
#..#...#@J## ##...#...#
#.........# #........
#..####....._..##........
#...##.>.##........ #.#.#
..##.#..P..P ..P.#
###..#....# #P....
......... ##....
..+....... #.....
..#....## . . ..P.#. ...


You could see an azure jelly.

Vanquished Creatures
  Josephine (D:11)
  A minotaur (Lab)
  6 hydras
  Urug (D:12)
  A hill giant (D:10)
  7 elephants
  Joseph (D:7)
  2 centaur skeletons (D:11)
  4 black mambas
  2 torpor snails
  2 komodo dragons
  5 spiny frogs
  2 fire drakes (Lair:5)
  A polar bear (Lair:6)
  4 trolls
  A minotaur zombie (Lab)
  13 blink frogs
  A two-headed ogre (D:12)
  A tarantella (Lair:4)
  2 basilisks
  A human (D:11)
  15 yaks
  5 vampire mosquitoes (Lair:5)
  8 hippogriffs
  Grum (Orc:2)
  2 wargs
  A deep elf mage (D:10)
  Edmund (D:9)
  14 wolves
  14 porcupines
  7 water moccasins
  A sky beast (D:6)
  9 orc warriors
  A necrophage (D:10)
  7 ice beasts
  3 phantoms
  A black bear (D:12)
  An eye of draining (D:11)
  2 ogres
  4 centaurs
  Sigmund (D:3)
  11 crocodiles
  13 giant frogs
  A boring beetle (Lair:4)
  2 wyvern zombies
  4 scorpions
  A wyvern skeleton (D:11)
  10 killer bees (D:12)
  12 wights
  2 giant frog zombies (D:6)
  A centaur zombie (D:6)
  2 goliath beetles
  5 crimson imps
  A gnoll shaman (D:8)
  12 hounds
  14 orc priests
  14 iguanas
  4 jellies
  2 giant frog skeletons (D:11)
  6 worker ants
  19 orc wizards
  24 sheep
  A hound zombie (D:6)
  Terence (D:2)
  2 worker ant zombies
  Robin (D:3)
  14 adders
  6 gnolls (D:8)
  51 river rats
  5 shadow imps
  2 giant mites (D:3)
  A worker ant simulacrum (D:11)
  3 adder zombies (D:6)
  4 giant geckos
  An ooze (D:3)
  73 orcs
  4 ball pythons
  5 giant cockroaches
  21 goblins
  24 hobgoblins
  14 quokkas
  A ball python skeleton (D:4)
  9 bats
  A giant gecko skeleton (D:5)
  2 giant newts (D:3)
  2 giant spores
  7 jackals
  16 kobolds
  A quokka skeleton (D:9)
  18 rats
  8 ballistomycetes
  A plant (Lair:7)
616 creatures vanquished.

Vanquished Creatures (others)
  An orc wizard (D:7)
1 creature vanquished.

Grand Total: 617 creatures vanquished

Notes
Turn   | Place    | Note
--------------------------------------------------------------
     0 | D:1      | MrRokkomies, the Ogre Warper, began the quest for the Orb.
     0 | D:1      | Reached XP level 1. HP: 22/22 MP: 3/3
    88 | D:1      | Reached skill level 3 in Fighting
   281 | D:1      | Reached XP level 2. HP: 24/31 MP: 5/5
   612 | D:1      | Learned a level 2 spell: Blink
   615 | D:1      | Learned a level 2 spell: Shroud of Golubria
   629 | D:2      | Reached XP level 3. HP: 26/39 MP: 4/6
   756 | D:2      | Reached skill level 4 in Fighting
   948 | D:2      | Noticed Terence
  1003 | D:2      | Killed Terence
  1003 | D:2      | Reached XP level 4. HP: 38/48 MP: 5/8
  1483 | D:3      | Noticed Robin
  1485 | D:3      | Killed Robin
  1516 | D:3      | Reached XP level 5. HP: 11/55 MP: 4/9
  1518 | D:3      | Reached skill level 5 in Fighting
  1550 | D:3      | Found a glowing drain.
  1560 | Sewer    | Entered a sewer
  1580 | Sewer    | Noticed flinch's ghost (average NaHu)
  1896 | D:3      | Noticed Sigmund
  1916 | D:3      | Killed Sigmund
  1916 | D:3      | Reached skill level 5 in Maces & Flails
  2499 | D:4      | Noticed an ogre
  2511 | D:3      | Killed an ogre
  2511 | D:3      | Reached skill level 6 in Fighting
  2511 | D:3      | Reached XP level 6. HP: 32/67 MP: 11/11
  3666 | D:4      | Reached XP level 7. HP: 45/76 MP: 10/12
  4444 | D:5      | Entered Level 5 of the Dungeon
  4530 | D:5      | Reached skill level 7 in Fighting
  5138 | D:5      | Reached XP level 8. HP: 56/88 MP: 14/14
  5373 | D:5      | Reached skill level 8 in Fighting
  5396 | D:5      | Found a deep blue altar of Sif Muna.
  6256 | D:6      | Got a crude lapis lazuli ring
  6258 | D:6      | Identified the ring "Wang" {Contam +Blink rElec rPois+ Int+4 Dex+2} (You found it on level 6 of the Dungeon)
  6281 | D:6      | Reached skill level 9 in Fighting
  7129 | D:6      | Reached XP level 9. HP: 92/101 MP: 15/15
  7407 | D:6      | Found a blossoming altar of Fedhas.
  7523 | D:6      | Reached skill level 10 in Fighting
  7523 | D:6      | Reached skill level 10 in Maces & Flails
  7846 | D:7      | Noticed Joseph
  7871 | D:7      | Killed Joseph
  7871 | D:7      | Reached skill level 5 in Dodging
  8375 | D:7      | Found a staircase to the Ecumenical Temple.
  8385 | Temple   | Entered the Ecumenical Temple
  8433 | Temple   | Became a worshipper of Dithmenos the Shadowed
  8471 | D:7      | Reached skill level 11 in Maces & Flails
  8675 | D:7      | HP: 3/101 [wight/enchanted great sword (4)]
  9535 | D:8      | Reached XP level 10. HP: 104/110 MP: 15/17
  9702 | D:8      | Reached skill level 12 in Maces & Flails
  9727 | D:8      | Learned a level 3 spell: Spectral Weapon
  9731 | D:8      | Learned a level 3 spell: Regeneration
  9873 | D:8      | Found a staircase to the Lair.
 10173 | Lair:1   | Entered Level 1 of the Lair of Beasts
 10583 | Lair:1   | Noticed a five-headed hydra
 11281 | D:9      | Acquired Dithmenos' first power
 11585 | D:9      | Found a staircase to the Orcish Mines.
 11588 | D:9      | Reached skill level 13 in Maces & Flails
 11957 | Orc:1    | Entered Level 1 of the Orcish Mines
 11957 | Orc:1    | Noticed Edmund
 11964 | D:9      | Killed Edmund
 12248 | Orc:1    | Upgraded the game from 0.16-a0-3827-g034e2a6 to 0.16-a0-3841-g2612308
 12525 | Orc:2    | Found a roughly hewn altar of Beogh.
 12529 | Orc:2    | Noticed Grum
 12562 | Orc:1    | Reached XP level 11. HP: 18/117 MP: 4/18
 12799 | Orc:2    | Killed Grum
 12961 | Orc:2    | Acquired Dithmenos' second power
 13260 | Orc:2    | Noticed an orc knight
 14180 | Lair:1   | Reached skill level 14 in Maces & Flails
 14245 | Lair:1   | Noticed a torpor snail
 14323 | Lair:1   | Acquired Dithmenos' third power
 14323 | Lair:1   | Reached skill level 5 in Throwing
 14367 | Lair:1   | HP: 2/117 [torpor snail (17)]
 14379 | Lair:1   | Killed a torpor snail
 15786 | D:10     | Entered Level 10 of the Dungeon
 15793 | D:10     | Found a bloodstained altar of Trog.
 16094 | D:10     | Noticed a hill giant
 16129 | D:10     | Killed a hill giant
 16397 | D:10     | Learned a level 2 spell: Stoneskin
 16508 | D:11     | Found a labyrinth entrance.
 16516 | Lab      | Entered a labyrinth
 16608 | Lab      | Noticed a minotaur
 16615 | Lab      | Killed a minotaur
 16615 | Lab      | Reached skill level 15 in Maces & Flails
 16813 | Lab      | Got a twitching copper amulet
 16825 | Lab      | Identified a +3 rod of inaccuracy (14/14) (You found it in a labyrinth)
 16826 | Lab      | Identified a +1 rod of shadows (10/10) (You found it in a labyrinth)
 16828 | Lab      | Identified a scroll of acquirement
 16838 | Lab      | Identified the amulet "Xethuedeo" {Gourm Str+3} (You found it in a labyrinth)
 16990 | D:11     | Found a burning altar of Makhleb.
 17028 | D:11     | Noticed Josephine
 17040 | D:11     | Reached skill level 10 in Dodging
 17048 | D:11     | Killed Josephine
 17048 | D:11     | Reached skill level 1 in Evocations
 17048 | D:11     | Reached XP level 12. HP: 98/126 MP: 16/19
 17078 | D:11     | Acquired Dithmenos' fourth power
 17421 | D:11     | Found a glowing golden altar of the Shining One.
 17955 | D:12     | Noticed Urug
 17993 | D:12     | Killed Urug
 19107 | Lair:2   | Reached skill level 16 in Maces & Flails
 19476 | Lair:2   | Noticed a five-headed hydra
 19482 | Lair:2   | Killed a five-headed hydra
 19772 | Lair:2   | Killed a five-headed hydra
 19772 | Lair:2   | Reached skill level 5 in Evocations
 20246 | Lair:3   | Reached XP level 13. HP: 93/133 MP: 18/22
 20257 | Lair:3   | Reached skill level 17 in Maces & Flails
 21282 | Lair:4   | Found a hole to the Spider Nest.
 22403 | Lair:5   | Found a staircase to the Swamp.
 22506 | Lair:5   | HP: 3/133 [vampire mosquito (10)]
 23732 | Lair:6   | Reached skill level 18 in Maces & Flails
 24498 | Lair:7   | Found a viscous altar of Jiyva.
 24498 | Lair:7   | Found a staircase to the Slime Pits.
 24498 | Lair:7   | Noticed an azure jelly
 24511 | Lair:7   | Annihilated by an azure jelly

Action                   |  1- 3 |  4- 6 |  7- 9 | 10-12 | 13-15 || total
-------------------------+-------+-------+-------+-------+-------++-------
Melee: Mace              |   124 |   113 |       |       |       ||   237
       Giant club        |       |    49 |   398 |   687 |       ||  1134
       Giant spiked club |       |       |       |   225 |   348 ||   573
 Fire: Blowgun           |       |       |     6 |   115 |     7 ||   128
Throw: Stone             |     1 |       |     4 |       |       ||     5
       Tomahawk          |       |       |     1 |    89 |    50 ||   140
 Cast: Shroud of Golubri |     5 |     7 |    11 |    22 |       ||    45
       Blink             |       |     1 |     2 |    13 |     3 ||    19
       Stoneskin         |       |       |       |    16 |     2 ||    18
       Spectral Weapon   |       |       |       |     1 |       ||     1
Evoke: Wand              |       |     2 |       |       |       ||     2
       Rod               |       |       |       |     7 |    12 ||    19
  Use: Scroll            |     7 |     8 |     9 |    15 |     4 ||    43
       Potion            |       |     3 |     5 |     5 |     1 ||    14
 Stab: Distracted        |       |       |     1 |     1 |       ||     2
       Sleeping          |       |       |       |     5 |     2 ||     7
  Eat: Chunk             |       |     8 |    19 |    31 |    16 ||    74
       Pizza             |       |     1 |       |     3 |       ||     4
       Fruit             |       |       |     2 |       |       ||     2
       Meat ration       |       |       |       |     1 |       ||     1
